 Dungeon Crawl Stone Soup version 0.28-a0-983-g1de4e0787c (webtiles) character file.

Game seed: 8226230960106302055

106 mcbry74 the Ruffian (level 4, -4/41 HPs)
             Began as a Troll Gladiator on Dec 2, 2021.
             Slain by an orc (7 damage)
             ... on level 3 of the Dungeon.
             The game lasted 00:05:43 (1440 turns).

mcbry74 the Ruffian (Troll Gladiator)               Turns: 1440, Time: 00:05:43

Health: -4/41      AC:  4    Str: 24    XL:     4   Next: 55%
Magic:  3/3        EV: 10    Int:  4    God:
Gold:   192        SH:  0    Dex: 11    Spells: 3/3 levels left

rFire   . . .      SeeInvis .     - Unarmed
rCold   . . .      Faith    .   (no shield)
rNeg    . . .      Spirit   .   a - +0 robe
rPois   .          Reflect  .   b - +0 hat
rElec   .          Harm     .   (no cloak)
rCorr   .          Rampage  .   (gloves unavailable)
Will    .....                   (boots unavailable)
Stlth   +.........              (no amulet)
HPRegen 0.93/turn               (no ring)
MPRegen 0.08/turn               (no ring)

@: attractive, flying
A: large, unfitting armour, claws 3, regeneration 1, shaggy fur 1, tough skin 1
a: no special abilities


You were on level 3 of the Dungeon.
You visited 1 branch of the dungeon, and saw 4 of its levels.

You collected 192 gold pieces.

Inventory:

Hand Weapons
 f - a +2 vampiric dagger
 o - a +2 scythe of protection
Missiles
 c - 3 throwing nets (quivered)
 i - 93 stones
 j - 49 sling bullets
 n - 9 poisoned darts
Armour
 a - a +0 robe (worn)
 b - a +0 hat (worn)
Jewellery
 h - a +6 ring of dexterity
Scrolls
 e - a scroll of teleportation {unknown}
 g - 2 scrolls of vulnerability
 k - a scroll of enchant weapon {unknown}


   Skills:
 - Level 1.5 Fighting
 - Level 1.7 Throwing
 - Level 2.4 Dodging
 + Level 5.4 Unarmed Combat


You had 3 spell levels left.
You didn't know any spells.
Your spell library contained the following spells:

 Spells                   Type           Power      Damage    Failure   Level
 Freeze                   Ice            0%         1d3       50%         1
 Frozen Ramparts          Ice            0%         1d2       86%         3
 Hailstorm                Conj/Ice       0%         3d3       99%         4


Dungeon Overview and Level Annotations

Branches:
Dungeon (4/15)
 Temple: D:4-7

Altars:

Shops:
D:3 [


Innate Abilities, Weirdness & Mutations

You are too large for most types of armour.
You have claws for hands.
Your natural rate of healing is unusually fast.
You are covered in fur. (AC +1)
You have tough skin. (AC +1)


Message History

You feel less confused.
The bat barely misses you. x2; The orc hits you with a +0 hand axe.
The orc closely misses you. The orc barely misses you.
The orc wizard hits you but does no damage.
The bat hits you but does no damage. The orc barely misses you.
The orc hits you with a +0 flail. The orc hits you but does no damage.
The orc wizard hits you but does no damage.
You slash the orc wizard!
Your weapon exudes an aura of protection.
The orc wizard is almost dead.
The bat barely misses you. The bat hits you but does no damage.
The bat barely misses you. The orc hits you but does no damage. x2
The orc closely misses you. The orc wizard barely misses you.
The orc hits you with a +0 hand axe. The orc hits you with a +0 flail.
* * * LOW HITPOINT WARNING * * *
The orc hits you with a +0 mace.
* * * LOW HITPOINT WARNING * * *
The orc wizard hits you but does no damage.
Your +2 scythe of protection goes still.
You are now empty-clawed.
The orc hits you with a +0 hand axe.
* * * LOW HITPOINT WARNING * * *
The orc closely misses you.
It was a potion of curing.
You feel better. The bat barely misses you.
The orc hits you but does no damage.
The orc wizard gestures wildly while chanting.
The orc wizard flickers and vanishes!
Deactivating autopickup; reactivate with Ctrl-A.
The orc misses you. The orc barely misses you.
It was a potion of attraction.
You feel attractive to monsters. The bat misses you.
The orc hits you with a +0 mace.
* * * LOW HITPOINT WARNING * * *
Something hits you but does no damage. The orc misses you.
The orc closely misses you. The bat is attracted toward you.
It was a potion of flight.
You feel very buoyant.
You fly up into the air.
The bat hits you.
* * * LOW HITPOINT WARNING * * *
The orc hits you with a +0 mace!
You die...

##.. $........# #...#.......#
<#.. .........###.†...†.....#
...# #..#####..........⌠.⌠..#
... #...####.###...##..∩.###
..######.##.......###...##.⌠.⌠#
...................##...#######
....<.....#.........#...#
.............§..b...#####
..........#.....@o......
#..............oo{......#
.......#.##.........#####
..........#.........#
..........#.........#
....).....#..........
<.........#.......<.#.
..........#.........###
.........


You could see 3 orcs and a bat.

Vanquished Creatures
  A gnoll (D:1)
  An adder (D:2)
  3 worms
  A dart slug (D:4)
  2 endoplasms
  5 giant cockroaches
  5 goblins (D:1)
  6 hobgoblins
  13 jackals
  8 kobolds
  A quokka (D:1)
  6 ball pythons
  7 bats
  2 frilled lizards
  9 rats
70 creatures vanquished.

Notes
Turn   | Place    | Note
-------+----------+-------------------------------------------
     0 | D:1      | mcbry74 the Troll Gladiator began the quest for the Orb.
     0 | D:1      | Reached XP level 1. HP: 19/19 MP: 0/0
    87 | D:1      | Reached XP level 2. HP: 27/27 MP: 1/1
   148 | D:1      | Reached skill level 4 in Unarmed Combat
   159 | D:1      | Reached XP level 3. HP: 33/33 MP: 2/2
   902 | D:2      | Reached XP level 4. HP: 41/41 MP: 3/3
   957 | D:2      | Reached skill level 5 in Unarmed Combat
  1332 | D:3      | Noticed a scorpion
  1392 | D:3      | Found Geicvucs's Armour Emporium.
  1437 | D:3      | HP: 2/41 [orc (5)]
  1440 | D:3      | Slain by an orc

Illustrated notes

Levels and vault maps discovered:
D:1:      dpeg_arrival_prison, layout_basic
D:2:      layout_loops_cross
D:3:      layout_rooms, serial_shops, shop_fountains, shop_fountains,
          hellmonk_ecumenical_altar_heavens_door, grunt_decor_arrowhead,
          corexii_shack, uniq_crazy_yiuf_cottage, uniq_grinder
D:4:      layout_loops_cross, mainiacjoe_overflow_swirl

Skill      XL: |  1  2  3  4 |
---------------+-------------+-----
Unarmed Combat | 4 5 |  5.4
Fighting       | |  1.5
Throwing       | |  1.7
Dodging        | |  2.4

Action                   |  1- 3 |  4- 6 || total
-------------------------+-------+-------++-------
Melee: Unarmed           |   111 |    67 ||   178
       Punch             |     3 |       ||     3
       Scythe            |       |     3 ||     3
  Use: Potion            |       |     3 ||     3
       Scroll            |       |     1 ||     1
 Stab: Sleeping          |     1 |       ||     1
Armor: Robe              |    30 |    41 ||    71
Dodge: Dodged            |    43 |    58 ||   101

Table legend: (Time is in decaauts)
 A = Elapsed time spent in this place.
 B = Non-inter-level travel time spent in this place.
 C = Inter-level travel time spent in this place.
 D = Time resting spent in this place.
 E = Time spent auto-exploring this place.
 F = Levels seen in this place.
 G = Mean time per level.
                   A        B        C        D        E       F      G
               +--------+--------+--------+--------+--------+-----+--------+
         Total |   1426 |   1380 |     46 |     17 |    957 |   4 |  356.5 |
       Dungeon |   1426 |   1380 |     46 |     17 |    957 |   4 |  356.5 |
               +--------+--------+--------+--------+--------+-----+--------+

Top non-repeatable levels by time:
     D:2: 644 daAuts
     D:1: 611 daAuts
     D:3: 129 daAuts
     D:4: 40 daAuts
